 Dungeon Crawl Stone Soup version 0.27-a0-475-g4587593e40 (webtiles) character file.

Game seed: 1522917376399966911

406 Leibowitz the Stinger (level 6, -3/51 HPs)
             Began as a Naga Venom Mage on Mar 1, 2021.
             Was an Initiate of Sif Muna.
             Slain by a phantom (8 damage)
             ... on level 3 of the Dungeon.
             The game lasted 00:18:49 (5062 turns).

Leibowitz the Stinger (Naga Venom Mage)             Turns: 5062, Time: 00:18:50

Health: -3/51      AC:  5    Str: 17    XL:     6   Next: 87%
Magic:  12/12      EV: 10    Int: 17    God:    Sif Muna [......]
Gold:   188        SH:  0    Dex: 11    Spells: 3/13 levels left

rFire    . . .     SeeInvis +   r - +0 dagger (venom)
rCold    . . .     Faith    .   (no shield)
rNeg     . . .     Spirit   .   a - +0 robe
rPois    +         Reflect  .   j - +0 helmet {SInv}
rElec    .         Harm     .   e - +0 cloak
rCorr    .         Rampage  .   (no gloves)
Will     .....                  (no barding)
Stlth    ++........             (no amulet)
HPRegen  0.17/turn              p - +6 ring of strength
MPRegen  0.13/turn              (no ring)

@: very slightly contaminated, invisible, very slow
A: large, see invisible, deformed body, poison resistance, slowness 2, spit
poison 1, AC +2
a: Spit Poison, Renounce Religion


You were on level 3 of the Dungeon.
You worshipped Sif Muna.
Sif Muna was noncommittal.
You visited 2 branches of the dungeon, and saw 5 of its levels.

You collected 188 gold pieces.

Inventory:

Hand Weapons
 r - a +0 dagger of venom (weapon)
Armour
 a - a +0 robe (worn)
 e - a +0 cloak (worn)
 j - a +0 helmet of see invisible (worn)
Jewellery
 p - a +6 ring of strength (left hand)
Scrolls
 b - 2 scrolls of fog {unknown}
 f - a scroll of enchant weapon {unknown}
 h - 4 scrolls of identify {unknown}
 k - 3 scrolls of enchant armour {unknown}
 m - a scroll of immolation {unknown}
 q - 2 scrolls of blinking {unknown}
Potions
 d - a potion of might {unknown}
 i - a potion of brilliance {unknown}
 l - 2 potions of berserk rage {unknown}
 n - a potion of degeneration {unknown}
 o - a potion of magic {unknown}
 s - a potion of lignification {unknown}
 t - a potion of curing {unknown}


   Skills:
 + Level 1.0 Fighting
 + Level 1.5 Short Blades
 + Level 1.7 Dodging
 + Level 4.2 Stealth
 * Level 4.2 Spellcasting
 + Level 1.8 Transmutations
 + Level 1.7 Air Magic
 * Level 6.0 Poison Magic


You had 3 spell levels left.
You knew the following spells:

 Your Spells              Type           Power        Failure   Level
a - Sting                 Tmut/Pois      64%          3%          1
b - Poisonous Vapours     Pois/Air       32%          4%          2
c - Mephitic Cloud        Conj/Pois/Air  12%          16%         3
d - Olgreb's Toxic Radia  Pois           24%          13%         4

Your spell library contained the following spells:

 Spells                   Type           Power        Failure   Level
 Ignite Poison            Fire/Tmut/Pois 12%          16%         3


Dungeon Overview and Level Annotations

Branches:
Dungeon (4/15)             Temple (1/1) D:4

Altars:
Cheibriados
Elyvilon
Fedhas
Gozag
Hepliaklqana
Makhleb
Qazlal
Ru
Sif Muna
Trog
Uskayaw
Vehumet
Xom
Yredelemnul
Zin
The Shining One


Innate Abilities, Weirdness & Mutations

You cannot wear boots.
Your serpentine skin is tough. (AC +2)
You have supernaturally acute eyesight. (SInv)
Armour fits poorly on your strangely shaped body.
Your system is resistant to poisons. (rPois)
You cover ground very slowly.
You can spit poison.


Message History

The phantom closely misses you.
You closely miss the phantom.
The phantom is lightly damaged.
The phantom hits you.
* * * LOW HITPOINT WARNING * * *
You hit the phantom but do no damage.
The phantom is lightly damaged.
The phantom barely misses you. The phantom misses you.
You closely miss the phantom.
The phantom is lightly damaged.
The phantom barely misses you.
You hit the phantom.
The phantom is moderately damaged.
The phantom closely misses you.
You hit the phantom but do no damage.
The phantom is moderately damaged.
You barely miss the phantom.
The phantom is lightly damaged.
The phantom hits you but does no damage.
The phantom closely misses you.
You barely miss the phantom.
The phantom is lightly damaged.
You hit the phantom but do no damage.
The phantom is lightly damaged.
The phantom barely misses you.
You barely miss the phantom.
The phantom is lightly damaged.
The phantom hits you!
* * * LOW HITPOINT WARNING * * *
You hit the phantom.
The phantom is moderately damaged.
The phantom barely misses you.
You catch the helpless phantom completely off-guard!
You puncture the phantom!
The phantom is heavily damaged.
You closely miss the phantom.
The phantom is heavily damaged.
The phantom hits you!
You die...

###..............#.#.......#####.
#...........####.#####...# #.
#...........# #..# #...# #.
#...........# ##.# #...#####.
###....####.######.####......##.
#.........#.##...........###.##.
##.........#...(............#.##.
.#.........#....W.....###.#.#.##.
.#.........#....@.....##....#.##.
.#.........#.......#..##..###....
.#.........#########.).#.........
.#.........####### #.#.##.#######
.'...............# #.#..#.#
.#...............###'##.#.#
.##########...........#...# #####
.# #####.......##..# #.... .#
#.......##..###....


You could see a phantom.

Vanquished Creatures
  An ogre (D:4)
  2 hounds
  A centaur skeleton (D:4)
  A bullfrog skeleton (D:4)
  3 gnolls (D:4)
  7 adders
  2 oozes
  2 adder skeletons
  4 worms
  3 dart slugs
  5 leopard geckos
  2 ball pythons
  8 bats
  4 giant cockroaches
  9 hobgoblins
  5 jackals (D:4)
  5 kobolds
  A quokka (D:3)
  5 frilled lizards
  6 goblins
  A jackal skeleton (D:4)
  9 rats
86 creatures vanquished.

Vanquished Creatures (others)
  17 plants (D:1)
17 creatures vanquished.

Grand Total: 103 creatures vanquished

Notes
Turn   | Place    | Note
-------+----------+-------------------------------------------
     0 | D:1      | Leibowitz the Naga Venom Mage began the quest for the Orb.
     0 | D:1      | Reached XP level 1. HP: 15/15 MP: 3/3
   210 | D:1      | Reached XP level 2. HP: 22/22 MP: 1/5
   213 | D:1      | Learned a level 2 spell: Poisonous Vapours
   824 | D:1      | Reached XP level 3. HP: 28/28 MP: 3/6
   877 | D:1      | Learned a level 3 spell: Mephitic Cloud
  1507 | D:2      | Reached skill level 1 in Air Magic
  1855 | D:2      | Reached XP level 4. HP: 36/36 MP: 1/8
  2230 | D:2      | Reached skill level 5 in Poison Magic
  2639 | D:3      | Reached XP level 5. HP: 42/42 MP: 0/9
  2644 | D:3      | Learned a level 4 spell: Olgreb's Toxic Radiance
  3184 | D:3      | Found a stormy altar of Qazlal.
  4041 | D:4      | Reached XP level 6. HP: 48/49 MP: 11/11
  4255 | D:4      | Reached skill level 1 in Short Blades
  4351 | D:4      | Reached skill level 1 in Fighting
  4558 | D:4      | Found a staircase to the Ecumenical Temple.
  4586 | Temple   | Entered the Ecumenical Temple
  4779 | Temple   | Became a worshipper of Sif Muna the Loreminder
  4869 | D:4      | Reached skill level 6 in Poison Magic
  5062 | D:3      | Slain by a phantom

Illustrated notes

Levels and vault maps discovered:
D:1:      amcnicky_arrival_feature_with_door, layout_loops_ring,
          wad_woods_river_04, corexii_leaking_fountain
D:2:      layout_loops_ring, minmay_fractal_squares_gapless_5
D:3:      layout_basic, lemuel_crystal_altar
D:4:      layout_loops_ring, minmay_temple_entry_glassed_door, serial_forest,
          infiniplex_forest_lined_2, infiniplex_forest_end_2,
          infiniplex_forest_lined_corner, infiniplex_forest_lined_1,
          infiniplex_forest_end_double, infiniplex_forest_zigzag_2,
          infiniplex_forest_lined_3_way, infiniplex_forest_straight_5,
          infiniplex_forest_end_1, fountainhead
Temple:   regret_index_temple_waves

Skill      XL: |  1  2  3  4  5  6 |
---------------+-------------------+-----
Air Magic      | 1 |  1.7
Poison Magic   | 5 6 |  6.0
Spellcasting   | 3 4 |  4.2
Stealth        | 4 |  4.2
Short Blades   | 1 |  1.5
Fighting       | 1 |  1.0
Dodging        | |  1.7
Transmutations | |  1.8

Action                   |  1- 3 |  4- 6 || total
-------------------------+-------+-------++-------
Melee: Dagger            |    94 |   150 ||   244
       Unarmed           |     1 |       ||     1
 Cast: Sting             |    13 |    41 ||    54
       Poisonous Vapours |    24 |    27 ||    51
       Mephitic Cloud    |     1 |     1 ||     2
       Olgreb's Toxic Ra |       |     7 ||     7
  Use: Potion            |       |     4 ||     4
 Stab: Sleeping          |     3 |     4 ||     7
       Confused          |       |     1 ||     1
       Invisible         |       |     1 ||     1
Armor: Robe              |     3 |    42 ||    45
Dodge: Dodged            |    17 |    90 ||   107

Table legend: (Time is in decaauts)
 A = Elapsed time spent in this place.
 B = Non-inter-level travel time spent in this place.
 C = Inter-level travel time spent in this place.
 D = Time resting spent in this place.
 E = Time spent auto-exploring this place.
 F = Levels seen in this place.
 G = Mean time per level.
                   A        B        C        D        E       F      G
               +--------+--------+--------+--------+--------+-----+--------+
         Total |   6193 |   5932 |    261 |    527 |   4333 |   5 | 1238.6 |
       Dungeon |   5909 |   5734 |    175 |    527 |   4155 |   4 | 1477.2 |
        Temple |    283 |    197 |     86 |      0 |    178 |   1 |  283.0 |
               +--------+--------+--------+--------+--------+-----+--------+

Top non-repeatable levels by time:
     D:1: 1747 daAuts
     D:3: 1693 daAuts
     D:2: 1377 daAuts
     D:4: 1090 daAuts
  Temple: 283 daAuts
